 Dungeon Crawl Stone Soup version 0.28.0-43-g3370ac3207 (webtiles) character file.

Game seed: 9819529724892425081

375 Kaptain the Digger (level 6, -9/41 HPs)
             Began as an Octopode Earth Elementalist on Mar 25, 2022.
             Mangled by Pikel
             ... wielding a +1 whip of electrocution
              (12 damage)
             ... on level 4 of the Dungeon.
             The game lasted 00:07:10 (4278 turns).

Kaptain the Digger (Octopode Earth Elementalist)    Turns: 4278, Time: 00:07:10

Health: -9/41      AC:  3    Str:  8    XL:     6   Next: 72%
Magic:  0/10       EV: 13    Int: 19    God:
Gold:   112        SH:  0    Dex: 12    Spells: 7/11 levels left

rFire   . . .      SeeInvis .   e - +0 trident
rCold   . . .      Faith    .   (no shield)
rNeg    . . .      Spirit   .   l - +2 hat
rPois   .          Reflect  .   (no amulet)
rElec   .          Harm     .   (no ring)
rCorr   .          Rampage  .   (no ring)
Will    .....                   (no ring)
Stlth   +++.......              (no ring)
HPRegen 0.13/turn               (no ring)
MPRegen 0.12/turn               (no ring)
                                (no ring)
                                (no ring)

@: flying, very slightly contaminated
A: almost no armour, amphibious, 8 rings, camouflage 1, gelatinous body 1,
(nimble swimmer 1), tentacles
a: no special abilities


You were on level 4 of the Dungeon.
You visited 1 branch of the dungeon, and saw 4 of its levels.

You collected 112 gold pieces.

Inventory:

Hand Weapons
 c - a +0 dagger
 e - a +0 trident (weapon)
 k - a +0 falchion
 p - a +0 hunting sling
Missiles
 b - 82 stones
Armour
 l - a +2 hat (worn)
Scrolls
 a - 3 scrolls of teleportation
 d - 2 scrolls of identify
 i - a scroll of blinking
Potions
 g - a potion of resistance
 j - a potion of degeneration {unknown}
 m - a potion of berserk rage {unknown}
 n - 2 potions of lignification {unknown}


   Skills:
 * Level 2.5 Fighting
 + Level 2.6 Dodging
 + Level 3.7 Stealth
 * Level 3.2 Spellcasting
 * Level 2.5 Conjurations
 - Level 1.0 Transmutations
 + Level 1.4 Fire Magic
 * Level 4.2 Earth Magic


You had 7 spell levels left.
You knew the following spells:

 Your Spells              Type           Power      Damage    Failure   Level
a - Sandblast             Erth           38%        2d10      2%          1
b - Stone Arrow           Conj/Erth      30%        3d8       11%         3

Your spell library contained the following spells:

 Spells                   Type           Power      Damage    Failure   Level
 Passwall                 Tmut/Erth      10%        N/A       8%          2
 Corpse Rot               Necr/Air       6%         N/A       22%         2
 Poisonous Vapours        Pois/Air       6%         N/A       22%         2
 Petrify                  Tmut/Erth      12%        N/A       45%         4
 Fireball                 Conj/Fire      5%         3d5       88%         5
 Starburst                Conj/Fire      5%         6d4       100%        6
 Ignition                 Fire           4%         3d4       100%        8


Dungeon Overview and Level Annotations

Branches:
Dungeon (4/15)
 Temple: D:4-7

Altars:
Xom

Shops:
D:4 [

Annotations:
D:4 Pikel


Innate Abilities, Weirdness & Mutations

You cannot wear most types of armour.
You are amphibious.
You can wear up to eight rings at the same time.
Your skin changes colour to match your surroundings (Stealth+).
Your rubbery body absorbs attacks. (AC +1, EV +1)
((You are camouflaged when in or above water. (Stealth+)))
You have tentacles for arms and can constrict up to eight enemies at once.


Message History

You don't have enough magic to cast this spell.
Unknown command.
Casting: Stone Arrow (dangerous; 11% risk of failure)
Confirm with . or Enter, or press ? or * to list all spells.
Aiming: Sandblast (safe; 2% risk of failure)
Press: ? - help, Shift-Dir - straight line, f/p - Pikel
Aim: Pikel, wielding a +1 whip of electrocution and wearing a +0 robe (heavily wounded, fast, 74% to hit)
You miscast Sandblast.
You are very lightly contaminated with residual magic.
Nothing appears to happen.
Pikel misses you.
Casting: Sandblast (safe; 2% risk of failure)
Confirm with . or Enter, or press ? or * to list all spells.
Aiming: Sandblast (safe; 2% risk of failure)
Press: ? - help, Shift-Dir - straight line, f/p - Pikel
Aim: Pikel, wielding a +1 whip of electrocution and wearing a +0 robe (heavily wounded, fast, 74% to hit)
The blast of sand misses Pikel.
Pikel says, "You'll feel the lick of my whip!"
Pikel hits you but does no damage.
You are electrocuted!
Pikel closely misses you.
You hit Pikel. Your grab misses Pikel. Your squeeze misses Pikel.
Pikel is heavily wounded.
Pikel barely misses you.
A lemure comes into view.
You closely miss Pikel.
The lemure shouts!
Your grab misses Pikel. You squeeze Pikel.
Pikel is heavily wounded.
Pikel closely misses you. Pikel barely misses you.
You hit Pikel but do no damage. You grab Pikel.
Pikel is heavily wounded.
You constrict Pikel, but do no damage.
Pikel hits you with a +1 whip of electrocution!
You are electrocuted!!
* * * LOW HITPOINT WARNING * * *
Pikel barely misses you.
It was a potion of flight.
You feel very buoyant.
You fly up into the air.
You constrict Pikel. Pikel misses you.
Pikel hits you with a +1 whip of electrocution!
You die...

#...####.#.#
##<.# #.#.#
#<.# #.#.#
#..## #.#.#
#...# #...#
#...#######
##...# #.#.#
#@#.# #K#.#
####5#.#
#...5#.#
#......##
#.......# ##
#.......##..
#....#.5.#.#
#....#.#.#.#


You could see Pikel (fast) and 2 lemures.

Vanquished Creatures
  Sigmund (D:4)
  A lemure (D:4)
  A scorpion (D:4)
  Terence (D:2)
  6 adders
  A gnoll (D:1)
  2 worms (D:2)
  2 orcs (D:3)
  2 ball pythons
  8 bats
  9 endoplasms
  6 giant cockroaches
  4 goblins
  9 hobgoblins
  6 kobolds
  2 quokkas
  3 frilled lizards
  2 rats (D:1)
66 creatures vanquished.

Vanquished Creatures (others)
  10 demonic plants (D:2)
  5 fungi (D:2)
  14 plants (D:2)
  9 toadstools (D:4)
  5 withered plants (D:2)
43 creatures vanquished.

Grand Total: 109 creatures vanquished

Notes
Turn   | Place    | Note
-------+----------+-------------------------------------------
     0 | D:1      | Kaptain the Octopode Earth Elementalist began the quest for
                  | the Orb.
     0 | D:1      | Reached XP level 1. HP: 11/11 MP: 3/3
   454 | D:1      | Reached XP level 2. HP: 14/18 MP: 0/5
   791 | D:1      | Reached XP level 3. HP: 22/22 MP: 4/6
   795 | D:1      | Learned a level 3 spell: Stone Arrow
   798 | D:1      | Reached skill level 1 in Fighting
  1358 | D:2      | Reached skill level 1 in Conjurations
  1580 | D:2      | Reached XP level 4. HP: 21/28 MP: 7/7
  1702 | D:2      | Found a shimmering altar of Xom.
  1946 | D:2      | Found a faded altar of an unknown god.
  1951 | D:2      | Noticed Terence
  1971 | D:2      | Identified the +2 pair of gloves "Yranaw" {rF- Str+5}
  2073 | D:2      | Killed Terence
  2724 | D:3      | Reached XP level 5. HP: 34/34 MP: 4/8
  3747 | D:4      | Noticed Sigmund
  3754 | D:4      | Killed Sigmund
  3755 | D:4      | Reached skill level 1 in Fire Magic
  3755 | D:4      | Reached skill level 4 in Earth Magic
  3755 | D:4      | Reached XP level 6. HP: 22/40 MP: 0/10
  4198 | D:4      | Found Bikiruod's Armour Boutique.
  4258 | D:4      | Noticed Pikel
  4278 | D:4      | Mangled by Pikel

Illustrated notes

Levels and vault maps discovered:
D:1:      minmay_arrival_loop, layout_loops_ring, minmay_nonomino_d4
D:2:      layout_loops_ring, shapermc_ecumenical_altar_gd, basic_altar,
          supply_closet_lemuel, uniq_terence
D:3:      layout_loops_ring, serial_forest, infiniplex_forest_lined_2,
          infiniplex_forest_corner_1, infiniplex_forest_clump_medium,
          infiniplex_forest_straight_4, infiniplex_forest_lined_2
D:4:      layout_basic, tgw_fedhas, serial_shops, shop, uniq_pikel,
          uniq_grinder, uniq_edmund, uniq_robin, uniq_sigmund

Skill      XL: |  1  2  3  4  5 |
---------------+----------------+-----
Fighting       | 1 2 |  2.5
Stealth        | 3 |  3.7
Conjurations   | 1 2 |  2.5
Spellcasting   | 3 |  3.2
Fire Magic     | 1 |  1.4
Earth Magic    | 4 |  4.2
Dodging        | |  2.6
Transmutations | |  1.0

Action                   |  1- 3 |  4- 6 || total
-------------------------+-------+-------++-------
Melee: Dagger            |    51 |    11 ||    62
       Tentacles         |    12 |     4 ||    16
       Constrict         |    12 |     5 ||    17
       Punch             |     2 |       ||     2
       Trident           |       |     3 ||     3
 Cast: Sandblast         |    29 |    37 ||    66
       Stone Arrow       |       |    23 ||    23
  Use: Scroll            |       |     7 ||     7
       Potion            |       |     2 ||     2
 Stab: Sleeping          |     1 |       ||     1
Armor: Skin              |    11 |     3 ||    14
Dodge: Dodged            |    42 |    27 ||    69
